 Dungeon Crawl Stone Soup version 0.29-a0-1023-g6ae1a4a2c7 (webtiles) character file.

Game seed: 12588351676029038963

1194 27heaven the Fighter (level 8, -3/72 HPs)
             Began as a Gargoyle Fighter on Aug 11, 2022.
             Was a Plaything of Xom.
             Slain by a gnoll
             ... wielding a +0 spear
             ... led by a gnoll bouda
              (5 damage)
             ... on level 7 of the Dungeon.
             The game lasted 00:08:00 (6154 turns).

27heaven the Fighter (Gargoyle Fighter)             Turns: 6154, Time: 00:08:01

Health: -3/72      AC: 24    Str: 22      XL:     8   Next: 43%
Magic:  8/8        EV:  2    Int:  6 (9)  God:    Xom [......]
Gold:   336        SH:  4    Dex:  6 (7)  Spells: 7/7 levels left

rFire   . . .      SeeInvis .   D - +2 mace
rCold   . . .      Faith    +   c - +0 buckler
rNeg    + . .      Spirit   .   (body armour currently unavailable)
rPois   ∞          Reflect  .   (helmet currently unavailable)
rElec   .          Harm     .   (cloak currently unavailable)
rCorr   .          Rampage  .   (gloves currently unavailable)
Will    .....      NoTele   +   (boots currently unavailable)
Stlth   +.........              i - amulet of faith
HPRegen 0.22/turn               (no ring)
MPRegen 0.11/turn               (no ring)

@: brilliant, tree-form, cleaving
A: stationary, stasis, torment immunity, boosted hp, sickness immunity, AC +5,
negative energy resistance 1, (electricity resistance), torment resistance 1,
petrification resistance, (iridescent scales 2), clumsy 1, frail 1, sense
surroundings 1, screaming 2
a: Renounce Religion


You were on level 7 of the Dungeon.
You worshipped Xom.
You were a very special plaything of Xom.
You were a tree.
You visited 1 branch of the dungeon, and saw 7 of its levels.

You collected 336 gold pieces.

Inventory:

Hand Weapons
 a - a +0 flail
 C - a +3 spear
 D - a +2 mace (weapon)
Armour
 b - a +0 scale mail (melded)
 c - a +0 buckler (worn)
Jewellery
 e - a ring of fire
 i - an amulet of faith (around neck)
 l - a ring of resist corrosion
 o - a ring of protection from cold
 t - a ring of fire
Wands
 y - a wand of polymorph (3)
Scrolls
 f - a scroll of butterflies {unknown}
 g - 7 scrolls of identify {unknown}
 j - 2 scrolls of magic mapping {unknown}
 m - a scroll of fear
 p - 3 scrolls of teleportation {unknown}
 q - 2 scrolls of summoning {unknown}
 r - 2 scrolls of amnesia {unknown}
 s - 2 scrolls of noise {unknown}
 w - 2 scrolls of immolation {unknown}
 B - 2 scrolls of enchant weapon {unknown}
Potions
 k - 2 potions of degeneration
 n - a potion of haste {unknown}
 v - a potion of resistance
 A - a potion of brilliance


   Skills:
 + Level 8.1 Fighting
 + Level 7.4 Maces & Flails
 - Level 3.2 Armour
 - Level 3.2 Shields


You had 7 spell levels left.
You didn't know any spells.
Your spell library contained the following spells:

 Spells                   Type           Power      Damage    Failure   Level
 Blink                    Tloc           0%         N/A       69%         2
 Lesser Beckoning         Tloc           0%         N/A       89%         3
 Manifold Assault         Tloc           0%         N/A       100%        5


Dungeon Overview and Level Annotations

Branches:
Dungeon (6/15)             Temple (0/1) D:4

Altars:
Okawaru
Uskayaw
Xom

Shops:
D:5 (

Annotations:
D:4 2 transporters
D:7 Dowan, Duvessa


Innate Abilities, Weirdness & Mutations

You are a tree.
Your roots penetrate the ground, keeping you stationary.
You cannot be teleported.
You are immune to unholy pain and torment.
Your maximum health is greatly increased.
Your equipment is partially melded.
You are immune to sickness and miasma.
((Your stone body is resilient. (AC +5)))
You are immune to poison.
You resist negative energy. (rN+)
((You are resistant to electric shocks. (rElec)))
You are resistant to unholy torment.
You are immune to petrification.
((You are mostly covered in iridescent scales. (AC +4)))
You are clumsy. (Dex -2)
You are frail. (-10% HP)
You passively map a small area around you.
You frequently scream uncontrollably at your foes.


Message History

You block the gnoll's attack. Duvessa hits you but does no damage.
Dowan casts a spell at you.
The puff of frost hits you but does no damage.
Unknown command.
You hit Duvessa.
Duvessa is heavily wounded.
You block the gnoll's attack. Duvessa hits you but does no damage.
Dowan points at you and mumbles some strange words.
The puff of frost hits you.
* * * LOW HITPOINT WARNING * * *
Unknown command.
You hit Duvessa.
Duvessa is severely wounded.
You block the gnoll's attack. Duvessa hits you with a +0 rapier.
* * * LOW HITPOINT WARNING * * *
Dowan says, "My weaknesses are her strengths!"
Unknown command.
You hit Duvessa.
Duvessa is severely wounded.
You closely miss Dowan. The gnoll hits you but does no damage.
Duvessa hits you but does no damage. Dowan hits you but does no damage.
You thump Dowan!
Dowan is heavily wounded.
You barely miss Duvessa. The gnoll hits you but does no damage.
Duvessa hits you with a +0 rapier!
* * * LOW HITPOINT WARNING * * *
Dowan hits you but does no damage.
Unknown command.
You closely miss Dowan.
Dowan is heavily wounded.
You hit Duvessa. The gnoll hits you but does no damage.
Dowan casts a spell at you.
The puff of flame hits you but does no damage.
Duvessa hits you with a +0 rapier.
* * * LOW HITPOINT WARNING * * *
You hit Dowan.
Dowan is severely wounded.
You completely miss Duvessa.
The gnoll hits you from afar with a +0 spear.
You die...

........###...##......### ,
.(......# ###...........)
........# ##........###
.........######........)..
.............#....#........#
..............>.#.#......#..
,
.......####.................
, #...#.* #eeg......#....###
.##..#.####♣†...........##
..........##)#...#...#....
#....c..5..###....##......
##.....g.h.......)# #.#####
,#......###......#.# ._# **
#.#..#.#.............. , #
##..5.....#.......#.
,##)g.....##..... ,
##.....##*#....


You could see Duvessa, Dowan and a gnoll.

Vanquished Creatures
  A water moccasin (D:7)
  2 sky beasts (D:7)
  A centaur (D:7)
  A bullfrog (D:7)
  2 necrophages
  A scorpion (D:5)
  3 wights (D:7)
  3 howler monkeys
  An orc priest (D:4)
  A jelly (D:4)
  A gnoll bouda (D:7)
  Jessica (D:3)
  2 iguanas (D:5)
  An orc wizard (D:4)
  6 gnolls
  5 adders
  2 shadow imps
  2 white imps
  2 worms
  5 dart slugs
  6 orcs
  6 ball pythons
  4 bats
  7 endoplasms
  2 giant cockroaches
  5 goblins
  7 hobgoblins
  2 jackals (D:1)
  4 quokkas
  3 frilled lizards
  6 kobolds
  6 rats
101 creatures vanquished.

Vanquished Creatures (collateral kills)
  3 orcs (D:4)
  An endoplasm (D:4)
4 creatures vanquished.

Vanquished Creatures (others)
  6 fungi (D:5)
  6 plants (D:4)
12 creatures vanquished.

Grand Total: 117 creatures vanquished

Notes
Turn   | Place    | Note
-------+----------+-------------------------------------------
     0 | D:1      | 27heaven the Gargoyle Fighter began the quest for the Orb.
     0 | D:1      | Reached XP level 1. HP: 14/14 MP: 1/1
   149 | D:1      | Found a faded altar of an unknown god.
   157 | D:1      | Prayed at the altar of an unknown god.
   157 | D:1      | Became a worshipper of Xom of Chaos
   162 | D:1      | XOM: smoke on damage
   450 | D:1      | Reached XP level 2. HP: 19/19 MP: 2/2
   571 | D:1      | XOM: silly message
   805 | D:1      | Reached XP level 3. HP: 11/23 MP: 3/3
  1126 | D:1      | XOM: divination: detect items
  1331 | D:1      | XOM: silly message
  1806 | D:2      | Reached skill level 4 in Fighting
  1806 | D:2      | Reached XP level 4. HP: 27/29 MP: 4/4
  2018 | D:2      | XOM: give mutations
  2018 | D:2      | Gained mutation: You have sharp fingernails. [Xom's grace]
  2018 | D:2      | Gained mutation: You passively map a small area around you.
                  | [Xom's grace]
  2024 | D:2      | XOM: divination: detect creatures
  2062 | D:2      | Found a hide-covered altar of Uskayaw.
  2330 | D:3      | XOM: divination: detect creatures
  2353 | D:2      | XOM: cast spell 'Olgreb's Toxic Radiance'
  2433 | D:2      | XOM: noise
  2726 | D:3      | XOM: give mutations
  2726 | D:3      | Gained mutation: You occasionally shout uncontrollably at
                  | your foes. [Xom's mischief]
  2726 | D:3      | Gained mutation: You occasionally lose the ability to drink
                  | potions when taking damage. [Xom's mischief]
  2726 | D:3      | Gained mutation: You are frail. (-10% HP) [Xom's mischief]
  2938 | D:3      | Noticed Jessica
  2948 | D:3      | Killed Jessica
  2949 | D:3      | Reached XP level 5. HP: 12/30 MP: 5/5
  2999 | D:3      | XOM: give mutations
  2999 | D:3      | Gained mutation: You have an increased reservoir of magic.
                  | (+10% MP) [Xom's mischief]
  2999 | D:3      | Lost mutation: You have an increased reservoir of magic.
                  | (+10% MP) [Xom's mischief]
  3650 | D:4      | Found a staircase to the Ecumenical Temple.
  3769 | D:4      | XOM: enchant monster (good)
  3807 | D:4      | Reached skill level 5 in Fighting
  3920 | D:4      | Found a transporter.
  3966 | D:4      | Found a transporter.
  4012 | D:4      | Reached XP level 6. HP: 26/36 MP: 6/6
  4022 | D:4      | XOM: smoke on damage
  4080 | D:4      | XOM: noise
  4152 | D:4      | XOM: give mutations
  4152 | D:4      | Gained mutation: You are partially covered in iridescent
                  | scales. (AC +2) [Xom's grace]
  4152 | D:4      | Gained mutation: Your flesh is heat resistant. (rF+) [Xom's
                  | grace]
  4152 | D:4      | Gained mutation: You possess an exceptional clarity of
                  | mind. [Xom's grace]
  4152 | D:4      | Gained mutation: Your muscles are strong. (Str +4, Int/Dex
                  | -1) [Xom's grace]
  4275 | D:5      | Entered Level 5 of the Dungeon
  4297 | D:5      | XOM: smoke on damage
  4299 | D:5      | Reached skill level 5 in Maces & Flails
  4435 | D:5      | Found Leizio Ynyd's Weapon Shoppe.
  5137 | D:5      | XOM: noise
  5141 | D:5      | Reached skill level 6 in Fighting
  5141 | D:5      | Reached XP level 7. HP: 41/41 MP: 7/7
  5456 | D:5      | XOM: give mutations
  5456 | D:5      | Lost mutation: Your muscles are strong. (Str +4, Int/Dex
                  | -1) [Xom's mischief]
  5456 | D:5      | Gained mutation: You are clumsy. (Dex -2) [Xom's mischief]
  5480 | D:6      | XOM: god gift: 3 stones
  5495 | D:6      | You fall into a shaft and drop 1 floor!
  5509 | D:7      | XOM: give mutations
  5509 | D:7      | Gained mutation: Your flesh is cold resistant. (rC+) [Xom's
                  | grace]
  5509 | D:7      | Gained mutation: You have very sharp fingernails. [Xom's
                  | grace]
  5680 | D:7      | XOM: god gift: 38 gold pieces
  5716 | D:7      | Reached skill level 7 in Fighting
  5733 | D:7      | XOM: chaos upgrade
  5838 | D:7      | XOM: give mutations
  5838 | D:7      | Lost mutation: Your flesh is cold resistant. (rC+) [Xom's
                  | mischief]
  5838 | D:7      | Lost mutation: You have very sharp fingernails. [Xom's
                  | mischief]
  5838 | D:7      | Gained mutation: You frequently scream uncontrollably at
                  | your foes. [Xom's mischief]
  5962 | D:7      | Reached XP level 8. HP: 36/47 MP: 8/8
  5990 | D:7      | Found an iron altar of Okawaru.
  5990 | D:7      | XOM: 2-stop teleportation journey
  6081 | D:7      | XOM: enchant monster (bad)
  6100 | D:7      | Noticed Duvessa
  6115 | D:7      | Noticed Dowan
  6117 | D:7      | XOM: cleaving
  6122 | D:7      | XOM: destruction
  6129 | D:7      | Lost mutation: You possess an exceptional clarity of mind.
                  | [potion of mutation]
  6129 | D:7      | Lost mutation: Your flesh is heat resistant. (rF+) [potion
                  | of mutation]
  6129 | D:7      | Lost mutation: You occasionally lose the ability to drink
                  | potions when taking damage. [potion of mutation]
  6129 | D:7      | Gained mutation: You are mostly covered in iridescent
                  | scales. (AC +4) [potion of mutation]
  6129 | D:7      | Lost mutation: You have sharp fingernails. [potion of
                  | mutation]
  6130 | D:7      | XOM: blink monster(s)
  6141 | D:7      | Reached skill level 8 in Fighting
  6141 | D:7      | XOM: blink monster(s)
  6144 | D:7      | XOM: blink monster(s)
  6153 | D:7      | HP: 2/72 [Duvessa/+0 rapier (3)]
  6154 | D:7      | Slain by a gnoll

Illustrated notes

Levels and vault maps discovered:
D:1:      nagdon_arrival_zigzag_paths, layout_basic,
          nicolae_ecumenical_snake_handling, minivault_23,
          ebering_dispersal_statue_hall
D:2:      layout_basic, basic_altar
D:3:      layout_basic, uniq_jessica
D:4:      layout_rooms, minmay_temple_entry_drinking_statues,
          gammafunk_ghost_gnarly_gnolls, nrook_loot_triangle,
          grunt_decor_one_mirror, grunt_ministairs_10
D:5:      layout_loops_corners, serial_shops, nicolae_shop_bloodbath_and_beyond,
          serial_aquarium, aquarium_bridge_long_joined
          [aquarium_subvault_window, aquarium_subvault_bridge,
          aquarium_subvault_balcony, aquarium_subvault_wall,
          aquarium_subvault_wall, aquarium_subvault_window], aquarium_window_1,
          aquarium_window_fake, aquarium_window_fake, aquarium_window_2,
          aquarium_view_2b, aquarium_pool_1
D:6:      layout_cave_pods, gammafunk_temple_overflow_claw, serial_shops, shop,
          uniq_grinder
D:7:      layout_rooms, lemuel_round_altar, overflow_temple_1_default,
          mainiacjoe_overflow_paths, gammafunk_ghost_stat_death,
          chequers_serial_rivers_micro_c, grunt_ministairs_14, uniq_duvessa,
          uniq_pikel

Skill      XL: |  1  2  3  4  5  6  7  8 |
---------------+-------------------------+-----
Maces & Flails | 3 4 5 6 7 |  7.4
Fighting       | 4 5 6 7 8 |  8.1
Armour         | |  3.2
Shields        | |  3.2

Action                   |  1- 3 |  4- 6 |  7- 9 || total
-------------------------+-------+-------+-------++-------
Melee: Flail             |   123 |   151 |    28 ||   302
       Mace              |       |       |   105 ||   105
  Use: Potion            |       |       |     9 ||     9
       Scroll            |       |       |     1 ||     1
Armor: Scale mail        |    58 |    68 |    82 ||   208
       Skin              |       |       |    69 ||    69
Dodge: Dodged            |    61 |    55 |    34 ||   150
Block: Buckler           |    21 |    24 |    24 ||    69

Table legend: (Time is in decaauts)
 A = Elapsed time spent in this place.
 B = Non-inter-level travel time spent in this place.
 C = Inter-level travel time spent in this place.
 D = Time resting spent in this place.
 E = Time spent auto-exploring this place.
 F = Levels seen in this place.
 G = Mean time per level.
                   A        B        C        D        E       F      G
               +--------+--------+--------+--------+--------+-----+--------+
         Total |   6241 |   6048 |    193 |    216 |   4841 |   7 |  891.6 |
       Dungeon |   6241 |   6048 |    193 |    216 |   4841 |   7 |  891.6 |
               +--------+--------+--------+--------+--------+-----+--------+

Top non-repeatable levels by time:
     D:1: 1549 daAuts
     D:5: 1212 daAuts
     D:3: 1160 daAuts
     D:2: 970 daAuts
     D:7: 670 daAuts
     D:4: 661 daAuts
     D:6: 16 daAuts
